 Dungeon Crawl Stone Soup version 0.19-a0-981-gaae9137 (webtiles) character file.

116 mistymad the Poker (level 5, -3/41 HPs)
             Began as a Merfolk Skald on July 14, 2016.
             Slain by mistymad's ghost (7 damage)
             ... on level 3 of the Dungeon on July 15, 2016.
             The game lasted 00:04:07 (2799 turns).

mistymad the Poker (Merfolk Skald)                  Turns: 2799, Time: 00:04:08

Health: -3/41      AC:  3    Str: 12    XL:     5   Next: 1%
Magic:  9/9        EV: 13    Int: 12    God:
Gold:   120        SH:  0    Dex: 14    Spells: 1 memorised, 8 levels left

rFire  . . .     SeeInvis .     a - +0 spear
rCold  . . .     Gourm    .     b - +0 leather armour
rNeg   . . .     Faith    .     (no shield)
rPois  .         Spirit   .     (no helmet)
rElec  .         Dismiss  .     (no cloak)
rCorr  .         Reflect  .     (no gloves)
SustAt .         Harm     .     (no boots)
MR     .....                    (no amulet)
Stlth  +.........               (no ring)
                                (no ring)

@: not resistant to hostile enchantments, very unstealthy
A: change form in water, swift swim
a: no special abilities


You were on level 3 of the Dungeon.
You were very hungry.

You visited 1 branch of the dungeon, and saw 3 of its levels.

You collected 120 gold pieces.

Inventory:

Hand Weapons
 a - a +0 spear (weapon)
Armour
 b - a +0 leather armour (worn)
Jewellery
 j - a +2 ring of protection {unknown}
 t - an uncursed ring of fire {unknown}
Scrolls
 e - 5 scrolls of identify {unknown}
 g - 2 scrolls of teleportation {unknown}
 i - a scroll of amnesia {unknown}
 l - 2 scrolls of fear {unknown}
 o - a scroll of magic mapping {unknown}
 q - a scroll of immolation {unknown}
Potions
 f - 3 potions of curing {unknown}
 h - a potion of ambrosia {unknown}
 k - 3 potions of flight {unknown}
 p - a potion of mutation {unknown}
 s - a potion of cancellation {unknown}
 u - a potion of haste {unknown}
 v - a potion of cure mutation {unknown}
Books
 c - a book of Battle

   Spells                             Type                      Level
   a - Infusion                       Charms                       1
   b - Shroud of Golubria             Charms/Translocation         2
   c - Song of Slaying                Charms                       2
   d - Spectral Weapon                Hexes/Charms                 3
   e - Regeneration                   Charms/Necromancy            3
Comestibles
 d - 4 bread rations
 m - 3 fruits
 n - a slice of pizza
 r - 2 meat rations


   Skills:
 + Level 3.1 Fighting
 + Level 3.9 Polearms
 - Level 0.6 Armour
 + Level 3.1 Dodging
 + Level 2.9 Spellcasting
 + Level 3.8 Charms


You had 8 spell levels left.
You knew the following spells:

 Your Spells              Type           Power        Failure   Level  Hunger
a - Infusion              Chrm           ##..         8%          1    #......


Dungeon Overview and Level Annotations

Branches:
Dungeon (3/15)

Altars:
Hepliaklqana
Okawaru

Annotations:
D:3 mistymad's ghost, amateur MfSk


Message History

Mistymad's ghost hits you but does no damage.
You closely miss mistymad's ghost.
Mistymad's ghost is heavily damaged.
Mistymad's ghost barely misses you.
You hit mistymad's ghost.
Mistymad's ghost is severely damaged.
Mistymad's ghost hits you.
* * * LOW HITPOINT WARNING * * *
You take 2 damage, and have 8/41 hp.
You hit mistymad's ghost.
Mistymad's ghost is severely damaged.
Mistymad's ghost hits you.
* * * LOW HITPOINT WARNING * * *
You take 5 damage, and have 3/41 hp.
You closely miss mistymad's ghost.
Mistymad's ghost is severely damaged.
You hit mistymad's ghost.
Mistymad's ghost is severely damaged.
Mistymad's ghost hits you!
You die...

..###.#........# #.#
#.#...<...### #.#
#.###..#....#
#.###.###.###...#####
#.##...###.#........#.#
#.#.#.#.###.##.####.#.#
#........>..##.## .. ##
###.#.#.#####...## .#..
.......## #.#.#@##...
#####.### #.##.##W#.##
#...##.#.........#
###.###..#.##g#..# #.#
#.#.#.##..#### #.#
#.......#....
#.####......###.##
#....#..####.#.###.#
####.#..# #.......#


You could see mistymad's ghost and a goblin.

Vanquished Creatures
  3 adders (D:2)
  2 gnolls (D:2)
  A worm (D:3)
  2 dart slugs
  2 giant geckos
  3 orcs
  A ball python (D:2)
  7 bats
  2 giant cockroaches
  9 goblins
  3 hobgoblins
  7 jackals
  8 kobolds
  A quokka (D:3)
  A giant newt (D:2)
  5 rats
57 creatures vanquished.

Notes
Turn   | Place    | Note
-------+----------+-------------------------------------------
     0 | D:1      | mistymad the Merfolk Skald began the quest for the Orb.
     0 | D:1      | Reached XP level 1. HP: 16/16 MP: 3/3
    93 | D:1      | Reached XP level 2. HP: 12/23 MP: 5/5
   434 | D:1      | Reached XP level 3. HP: 9/28 MP: 6/6
  1201 | D:2      | Found a hazy altar of Hepliaklqana.
  1375 | D:2      | Reached XP level 4. HP: 23/34 MP: 8/8
  1647 | D:2      | Found an iron altar of Okawaru.
  2702 | D:3      | Reached XP level 5. HP: 40/41 MP: 9/9
  2743 | D:3      | Noticed mistymad's ghost (amateur MfSk)
  2799 | D:3      | Slain by mistymad's ghost

Vault maps used:
D:1:      saegor_arrival_simple_b
D:2:      okawaru_altar_gauntlet_db, old_standard_altar,
          kennysheep_cluttered_room

Skill      XL: |  1  2  3  4 |
---------------+-------------+-----
Dodging        | 2 3 |  3.1
Fighting       | 3 |  3.1
Polearms       | |  3.9
Armour         | |  0.6
Spellcasting   | |  2.9
Charms         | |  3.8

Action                   |  1- 3 |  4- 6 || total
-------------------------+-------+-------++-------
Melee: Spear             |   141 |   130 ||   271
 Cast: Infusion          |       |     2 ||     2
 Stab: Sleeping          |       |     1 ||     1
  Eat: Chunk             |     1 |     4 ||     5
Armor: Leather armour    |    25 |    18 ||    43
Dodge: Dodged            |    78 |    63 ||   141
